[Event "74th PGNiG TERMIKA POL-ch Women 2022"]
[Site "Kruszwica"]
[Date "2022.05.15"]
[Round "7.4"]
[White "Kiolbasa, Oliwia"]
[Black "Kubicka, Anna"]
[Result "1/2-1/2"]
[ECO "C72"]
[WhiteElo "2375"]
[BlackElo "2245"]
[Annotator "TA"]
[PlyCount "223"]
[EventDate "2022.05.09"]
[EventType "tourn"]
[EventCountry "POL"]
[SourceTitle "playchess.com"]
[Source "ChessBase"]
[SourceQuality "1"]
[TimeControl "40/5400+30:1800+30"]

1. e4 e5 2. Nf3 Nc6 3. Bb5 a6 4. Ba4 d6 5. O-O Bd7 6. d4 Nxd4 7. Bxd7+ Qxd7 8. Nxd4 exd4 9. Qxd4 Nf6 10. Nc3 Be7 11. b3 O-O 12. Bb2 Rae8 13. Rad1 Bd8 14. h3 Qc6 15. Rd3 Nh5 16. Nd5 Re6 17. Rc3 Qd7 18. Qd1 Nf6 19. Rg3 g6 $1 20. Rf3 Nxd5 ({Black should play} 20... Nxe4 $11 21. Qd4 f6) 21. exd5 $14 Re4 22. Qd3 (22. Re1 $5 Rfe8 23. Rxe4 Rxe4 24. Qd2 $14) 22... f5 23. a4 (23. Qc3 $2 Bf6 24. Qxf6 Rxf6 25. Bxf6 Qf7 $19) (23. Re3 $14) 23... Bg5 $11 (23... Bf6 24. Bxf6 Rxf6 {[#]} 25. Qxe4 $1 fxe4 26. Rxf6 $16) 24. a5 (24. Qc3 $2 Bf6 25. Qxf6 Rxf6 26. Bxf6 Qf7 $19) 24... Qb5 25. Bc1 (25. Qc3 Bf6 26. Qd2 Re2 $17) 25... Bxc1 26. Qxb5 axb5 27. Rxc1 Rd4 28. Rd3 Rxd3 29. cxd3 Rf7 30. f4 Kf8 31. Kf2 Ke8 32. a6 bxa6 33. Ra1 Kd7 34. Rxa6 Rf8 35. b4 Rb8 36. Ra7 Re8 37. Ra5 Rb8 38. Ra7 h6 39. Kf3 Re8 40. Ra1 g5 41. Ra5 Re1 42. Rxb5 Rf1+ 43. Ke2 Rxf4 44. g3 Rd4 45. Ke3 c5 $1 46. dxc6+ Kxc6 47. Rxf5 Rxb4 48. Rf6 h5 49. Rf5 h4 $1 50. Rxg5 hxg3 51. Rg4 ({Much less strong is} 51. Rxg3 $6 Rh4 $16) 51... g2 (51... Rxg4 52. hxg4 Kd5 53. Kf3 g2 54. Kxg2 Ke5 55. Kg3 d5 56. Kh4) 52. Rxg2 Rh4 53. Rg3 Kd5 54. Kf2 Ke5 55. Kg2 Rh8 56. Rg4 Ra8 (56... d5 $11 {keeps the balance.}) 57. Kf3 (57. Re4+ $16 Kf5 58. Kf3) 57... Rf8+ 58. Ke3 (58. Kg3 $11) 58... Rh8 59. h4 Ra8 (59... Rh5 $16 60. Re4+ (60. Rg5+ Rxg5 61. d4+ Kf6 $11) 60... Kf6 61. Rf4+ Kg7 62. Rg4+ Kf6 63. Rf4+ Kg6) 60. Rg5+ Kf6 61. Rb5 $2 (61. Ke4 $18) 61... Ra1 (61... Ra4 $1 $11) 62. h5 $2 (62. Rd5 $18) 62... Rh1 63. d4 Rh3+ 64. Ke4 Rh4+ 65. Kd3 Rh3+ 66. Kc4 Rh1 67. Rd5 Ke6 68. Rg5 d5+ 69. Kc3 Rh3+ 70. Kb4 Rh1 71. Kc5 Rc1+ 72. Kb5 Rb1+ 73. Kc6 Rc1+ 74. Kb6 Rb1+ 75. Kc7 Rc1+ 76. Kb7 Rb1+ 77. Ka7 Rd1 78. Rg4 Rh1 79. Kb6 Kf5 80. Rg8 Rxh5 81. Re8 Kf6 82. Kc6 Kf7 83. Re1 Kf8 84. Kc5 Kf7 85. Kd6 Kf8 86. Re2 Kf7 87. Re7+ Kf8 88. Re3 Kf7 89. Kc6 Kf8 90. Kc5 Kf7 91. Kd6 Kf8 92. Kd7 Rh7+ 93. Kc6 Rh5 94. Re1 Rg5 95. Kd7 Rg7+ 96. Kd6 Rg5 $1 97. Ke6 Rh5 98. Kf6 Rh6+ 99. Kg5 (99. Ke5 $5 Ke7 100. Kxd5+ Kd7 101. Ra1 $11) 99... Rh2 100. Kf5 Rh4 101. Ke5 Re4+ 102. Rxe4 dxe4 103. Kxe4 (103. d5 {leads to mate.} e3 104. Kf5 e2 105. Ke6 e1=Q+ 106. Kf6 Qe4 107. d6 Ke8 108. Kg5 Kd7 109. Kf6 Kxd6 110. Kf7 Qe5 111. Kf8 Ke6 112. Kg8 Qg3+ 113. Kh8 Kf7 114. Kh7 Qh4#) 103... Ke8 104. Kf5 Kd7 105. Ke5 Ke7 106. d5 Kd7 107. d6 Kd8 108. Kf6 Kd7 109. Ke5 Kd8 110. Ke6 Ke8 111. d7+ Kd8 112. Kd6 1/2-1/2

[Event "74th PGNiG TERMIKA POL-ch Women 2022"]
[Site "Kruszwica"]
[Date "2022.05.15"]
[Round "7.5"]
[White "Cyfka, Karina"]
[Black "Malicka, Maria"]
[Result "0-1"]
[ECO "D85"]
[WhiteElo "2404"]
[BlackElo "2377"]
[Annotator "TA"]
[PlyCount "112"]
[EventDate "2022.05.09"]
[EventType "tourn"]
[EventCountry "POL"]
[SourceTitle "playchess.com"]
[Source "ChessBase"]
[SourceQuality "1"]
[TimeControl "40/5400+30:1800+30"]

1. d4 Nf6 2. c4 g6 3. Nc3 d5 4. cxd5 Nxd5 5. e4 Nxc3 6. bxc3 Bg7 7. Be3 c5 8. Rc1 O-O 9. Nf3 Qa5 10. Qd2 cxd4 11. cxd4 Qxd2+ 12. Kxd2 Nc6 13. d5 {[%emt 0:00:48] D85: Exchange Grünfeld: Unusual White 7th moves and lines with 7 Nf3.} Rd8 14. Kc2 Na5 15. Bd2 ({Better is} 15. Bg5 $11) 15... b6 $15 16. Bxa5 bxa5 17. Bc4 Rb8 (17... Bb7 $5 ) 18. Rb1 {[%emt 0:03:25] Prevents Rb2+.} Rb4 {[%emt 0:00:06] [#]} 19. Nd2 $146 ({Predecessor:} 19. Rxb4 axb4 20. Kb3 a5 21. Ka4 Bc3 22. Bb3 Ba6 23. Kxa5 Bd3 24. e5 Be4 25. Rd1 Bxf3 26. gxf3 {½-½ (75) Trippold,D (1803)-Mira,H (2069) Austria 2014}) 19... Bd7 20. Rxb4 axb4 21. Nb3 Rc8 22. Kd3 e6 23. Nd4 (23. dxe6 $11 fxe6 24. f4) 23... exd5 24. exd5 Kf8 25. Re1 a5 26. f3 h5 27. Re2 a4 28. Re1 Ra8 29. Re2 Bf6 30. Bb5 $2 {[%emt 0:02:54] Loses the game.} (30. f4 $17 {was called for.}) 30... Bxb5+ $19 31. Nxb5 {[%emt 0:00:01][%mdl 4096] Endgame KRB-KRN} b3 32. axb3 axb3 {[%emt 0:00:56] [#] ...b2 is the strong threat.} 33. Nc3 Rc8 34. Na4 Rb8 {[%emt 0:03:43] Strongly threatening ...b2.} 35. Re1 (35. Nc3 $142) 35... b2 36. Rb1 {[%emt 0:00:37] [#]} Rb4 $1 37. Nc5 Rd4+ 38. Ke2 Rxd5 39. Nd3 Bc3 40. Ke3 $2 (40. g3) 40... Ra5 {[%emt 0:00:00] White must now prevent ...Ra1.} 41. Nxb2 Rb5 42. Nd1 (42. Rc1 $142 Bxb2 43. Rc2) 42... Rxb1 43. Nxc3 {[%emt 0:00:01] KR-KN} Rb3 44. Kd3 Ke7 45. Kc2 Ra3 46. Ne2 h4 {[%emt 0:05:33][%cal Oh4h3] Threatens to win with ...h3!} 47. h3 Ra5 {[%emt 0:01:45] aiming for ...Rg5.} 48. Kd2 Rg5 49. Nf4 Kf6 50. Ke2 Kf5 51. Ke3 Rg3 52. Ne2 Rxg2 53. Nd4+ Ke5 54. Nc6+ Kd5 55. Nd8 f6 56. Nf7 Rg3 {[%emt 0:00:27] Weighted Error Value: White=0.59/Black=0.08 (flawless)} 0-1

[Event "74th PGNiG TERMIKA POL-ch Women 2022"]
[Site "Kruszwica"]
[Date "2022.05.16"]
[Round "8.1"]
[White "Zawadzka, Jolanta"]
[Black "Kiolbasa, Oliwia"]
[Result "0-1"]
[ECO "C55"]
[WhiteElo "2409"]
[BlackElo "2375"]
[Annotator "TA"]
[PlyCount "78"]
[EventDate "2022.05.09"]
[EventType "tourn"]
[EventCountry "POL"]
[SourceTitle "playchess.com"]
[Source "ChessBase"]
[SourceQuality "1"]
[TimeControl "40/5400+30:1800+30"]

1. e4 e5 2. Nf3 Nc6 3. Bc4 Nf6 4. d3 Be7 5. O-O d6 6. a3 O-O 7. Nc3 Be6 {[%emt 0:19:09] C55: Two Knights: 4 d3, 4 d4 exd4 5 e5 and Max Lange Attack.} 8. Nd5 Nb8 {[%emt 0:03:00][%cal Bc6b8,Bb8d7,Bd7e5][%mdl 32] [#] 8...Nd4 is setting a new trend.} 9. b4 $146 ({Predecessor:} 9. Nxf6+ Bxf6 10. Bxe6 fxe6 11. c3 Nc6 12. b4 Qe8 13. b5 Nb8 14. a4 Nd7 15. d4 exd4 16. cxd4 {0-1 (39) Dubov,D (2711)-Melkumyan,H (2649) Chess.com INT 2022}) 9... Nxd5 {[%emt 0:04:39] The position is equal.} 10. exd5 Bg4 11. Qe2 Nd7 12. Bb2 f5 13. h3 Bh5 14. Bb3 Bf6 15. c3 $2 (15. Qe3 $17) 15... e4 $1 $19 16. dxe4 Ne5 $1 17. g4 fxg4 18. Nxe5 Bxe5 19. hxg4 {[%emt 0:00:54] [#]} Qh4 $1 20. f3 {[%emt 0:00:08] [#]} Rxf3 $3 {[%emt 0:04:42][%mdl 576] Remove Defender, Decoy} 21. Rxf3 Qxg4+ 22. Kf2 {[%emt 0:01:06][%cal Oa1f1] [#] And now Rf1! would win.} Bg3+ $1 {[%emt 0:01:01][%mdl 576] Pin} 23. Ke3 Re8 {[%emt 0:00:12] Dancing on a razor blade.} 24. Bc2 {[%emt 0:01:32] [#] aiming for Raf1.} Bf4+ $1 {[%emt 0:01:22][%mdl 576] Pin} 25. Kd4 ({Wrong is} 25. Kf2 $2 Qh4+ 26. Kf1 Bg3 27. Rxg3 Rf8+ 28. Kg2 Bxe2 $19) (25. Kd3 Qxf3+) 25... Qxf3 26. Qxf3 Bxf3 27. Bc1 Be5+ 28. Kc4 h5 29. Bg5 Bg3 {[%emt 0:00:37] Against Re1} 30. Kd4 h4 31. Ke3 Bg2 {[%emt 0:00:47] Strongly threatening ...h3.} 32. Bf4 Bxf4+ 33. Kxf4 {[%emt 0:00:03][%mdl 4096] Endgame KRB-KRB} Rf8+ 34. Kg4 h3 {[%emt 0:00:32] Threatens to win with ...h2.} 35. Kg3 Rf3+ 36. Kh2 g5 {[%emt 0:03:49][%cal Bg7g5,Bg5g4,Bg4g3][%mdl 32] ( -> ...g4)} 37. e5 g4 38. Be4 g3+ 39. Kg1 {[%emt 0:00:04] [#]} Rf2 {[%emt 0:00:07] Black took control after the opening.  Weighted Error Value: White=0.69/Black=0.04 (flawless)} (39... Rf1+ $142 $1 40. Rxf1 Bxe4 41. Rf4 h2+ 42. Kf1 g2+ 43. Ke2 g1=Q 44. Rh4 Qg2+ 45. Ke3 Qf3+ 46. Kd2 Qf2+ 47. Kd1 Qxh4 48. Ke2 h1=Q 49. Ke3 Qg3+ 50. Ke2 Qhe1#) 0-1

[Event "74th PGNiG TERMIKA POL-ch Women 2022"]
[Site "Kruszwica"]
[Date "2022.05.16"]
[Round "8.2"]
[White "Antolak, Julia"]
[Black "Majdan, Joanna"]
[Result "1/2-1/2"]
[ECO "B31"]
[WhiteElo "2371"]
[BlackElo "2325"]
[Annotator "TA"]
[PlyCount "107"]
[EventDate "2022.05.09"]
[EventType "tourn"]
[EventCountry "POL"]
[SourceTitle "playchess.com"]
[Source "ChessBase"]
[SourceQuality "1"]
[TimeControl "40/5400+30:1800+30"]

1. e4 c5 2. Nf3 Nc6 3. Bb5 g6 4. O-O Bg7 5. c3 Nf6 6. Re1 O-O 7. h3 Qb6 8. Ba4 {[%emt 0:06:46] 8.a4 deserves study.} d6 {[%emt 0:05:15] B31: Sicilian: 2...Nc6 3 Bb5 g6.} 9. d4 cxd4 10. cxd4 Nd7 {[%emt 0:06:44][%cal Rc6d4] [#]} 11. d5 $146 ({Predecessor:} 11. Nc3 Nxd4 12. Nxd4 Bxd4 13. Nd5 Bxf2+ 14. Kf1 Qd4 15. Bh6 Rd8 16. Nxe7+ Kh8 17. Re2 Qxd1+ 18. Rxd1 {½-½ (32) Calio,M (2389)-Mcdermott,F (2387) ICCF email 2019}) 11... Nce5 12. Nxe5 Nxe5 13. Nc3 f5 14. Be3 Qxb2 15. Bd4 Qb4 16. Nb5 fxe4 17. Rxe4 (17. Rb1 $15 Qa5 18. Bc3) 17... Bf5 $19 18. a3 Qa5 ({Weaker is} 18... Qc4 19. Re3 a6 20. Rc3 axb5 21. Rxc4 bxc4 22. Bb5 $11) 19. Re3 Rac8 20. f4 {[%emt 0:07:42] [#]} Rc4 (20... Bd3 $1 $19 21. Rxd3 Nxd3 22. Bxg7 Kxg7 23. Qxd3 Qxa4) 21. Bb3 $17 {[%emt 0:01:17] [#]} Qxb5 ({Black should try} 21... Rxd4 $1 $17 22. Nxd4 {[#]} Qb6 $1) 22. fxe5 {[%emt 0:00:31] [#]} (22. Bxc4 $15 Nxc4 23. Rxe7 Bxd4+ 24. Qxd4) 22... Rxd4 $1 23. Qxd4 Bxe5 24. Rxe5 dxe5 25. Qe3 {[%emt 0:00:22] Strongly threatening d6+.} Bd3 26. Ba2 Qb6 27. Qxb6 axb6 $15 {[%emt 0:00:03][%mdl 4096] Endgame KRB-KRB} 28. Re1 (28. d6+ $15 Kg7 29. Rd1) 28... e4 (28... Kg7 $17 {White must now prevent ...e4.} 29. Rxe5 Rf1+ 30. Kh2 Kf8) 29. d6+ $1 Kg7 30. dxe7 Re8 31. Bb1 $1 Bxb1 ({Better is} 31... Kf6 $15 32. Bxd3 exd3) 32. Rxb1 $11 Rxe7 33. Rxb6 $15 {[%emt 0:00:06] KR-KR} Kh6 34. Rb5 e3 {[%emt 0:02:00] ( -> ...e2)} 35. Kf1 Rf7+ 36. Ke2 Rf2+ 37. Kxe3 Rxg2 {[%emt 0:00:13] And now ...Rh2 would win.} 38. Kf3 Ra2 39. Rxb7 Rxa3+ 40. Kg2 Rc3 41. Ra7 Re3 42. Rb7 g5 43. Ra7 Kg6 44. Rb7 h5 45. Rb6+ Kf5 46. Rb5+ (46. h4 $5) 46... Kf4 47. Rb4+ Re4 48. Rb2 g4 49. hxg4 {[%emt 0:00:04] The position is equal.} Kxg4 50. Ra2 $1 h4 51. Rb2 $1 Rf4 52. Ra2 $1 Re4 53. Rb2 $1 Rf4 54. Ra2 $1 {[%emt 0:00:03] White happily takes the draw.  Weighted Error Value: White=0.10 (very precise) /Black=0.14 (very precise)} 1/2-1/2

[Event "74th PGNiG TERMIKA POL-ch Women 2022"]
[Site "Kruszwica"]
[Date "2022.05.16"]
[Round "8.3"]
[White "Rudzinska, Michalina"]
[Black "Cyfka, Karina"]
[Result "1-0"]
[ECO "C24"]
[WhiteElo "2236"]
[BlackElo "2404"]
[Annotator "TA"]
[PlyCount "133"]
[EventDate "2022.05.09"]
[EventType "tourn"]
[EventCountry "POL"]
[SourceTitle "playchess.com"]
[Source "ChessBase"]
[SourceQuality "1"]
[TimeControl "40/5400+30:1800+30"]

1. e4 e5 2. Bc4 Nf6 3. d3 Nc6 4. Nc3 Bc5 5. f4 d6 6. Nf3 exf4 7. Bxf4 Bg4 {[%emt 0:09:13] 7...0-0 is more advanced technology. C28: Vienna Game: 2...Nf6 3 Bc4 Nc6.} 8. Qd2 Bxf3 9. gxf3 Ne5 {[%emt 0:01:28] White is slightly better.} 10. O-O-O Nh5 {[%emt 0:02:12] [#]} 11. Be3 $146 ({Predecessor:} 11. Bxe5 dxe5 12. Kb1 Nf4 13. Ne2 Nxe2 14. Qxe2 Qe7 15. f4 exf4 16. d4 Bb6 17. Qg4 {1-0 (26) Hermlin,A (2262)-Sisatto,O (2204) Finland 2005}) 11... Bxe3 12. Qxe3 Ng6 13. Ne2 (13. f4 $16) 13... Qf6 $14 14. d4 O-O 15. Rhg1 Nhf4 16. Rg4 Nxe2+ 17. Qxe2 c6 (17... h5 $11 18. Rg3 Nf4) 18. a3 (18. Qe3 $14) 18... b5 $11 19. Ba2 Rab8 (19... h5 $1 $11 20. Rg3 Nf4) 20. Rdg1 Kh8 (20... Qxd4 $11 21. h4 Qf6) 21. Qf2 c5 22. e5 dxe5 23. dxc5 a5 24. Qe3 b4 25. a4 Rbc8 26. Bd5 {[%emt 0:05:36] Prevents Qc6.} Qe7 {[%emt 0:04:52] Prevents Bb7.} (26... Rc7 $5 ) 27. c6 Qd6 28. Rd1 Rcd8 (28... Nf4 $11 {keeps the balance.} 29. Bxf7 Qh6) 29. Rgg1 $16 {[%emt 0:01:21] White is much more active.} Qc7 30. Qc5 Ne7 {[%emt 0:01:20] [#]} 31. Rg2 (31. Bxf7 $1 $16 {Be6 is the strong threat.} Rc8 32. Bd5) 31... Rc8 ({Black should play} 31... Qd6 $11 32. Qxd6 Rxd6) 32. Rgd2 {[%emt 0:02:24] aiming for Be4.} Nxc6 33. Bxc6 Qxc6 34. Qxc6 Rxc6 $11 {[%emt 0:00:01][%mdl 4096] Endgame KRR-KRR} 35. Rd5 Re6 (35... b3 $11 {remains equal.}) 36. Rxa5 $16 {[%emt 0:00:06] Black is now going downhill.} f5 37. Rb5 g5 38. Rxb4 e4 39. fxe4 fxe4 (39... f4 $142 40. b3 f3) 40. Re1 e3 41. Rg4 (41. a5 $18) 41... h6 (41... Rf4 $16 42. Rg3 (42. Rxg5 Rxa4 43. Kd1 Rd4+ 44. Ke2 Rd2+ 45. Kf3 Rxh2 $11) 42... Rxa4 43. Rexe3 Rd6 44. Re8+ Kg7 45. Rxg5+ Kf7) 42. Rg3 $18 Rfe8 43. c4 ({White should try} 43. b4 $18) 43... Kh7 (43... Re4 $16) 44. Kc2 Kg6 45. b4 Kf5 46. a5 g4 47. b5 h5 48. a6 h4 49. Rgg1 e2 50. a7 Kf4 $2 (50... Ra8 {was necessary.} 51. Ra1 Rb6) 51. Ra1 Ra8 52. Kc3 (52. c5 $142 Re5 53. b6 Rxc5+ 54. Kd2) 52... Kf3 $2 (52... Rb6 53. Rgb1 Kf3) 53. c5 Kf2 {[%emt 0:04:45][%cal Oa8a7] Strongly threatening ...Rxa7!} 54. b6 {[%emt 0:00:38] And now b7 would win.} Ree8 55. Rxg4 e1=Q+ 56. Rxe1 Kxe1 57. Rxh4 Ke2 58. c6 Kf3 59. c7 {[%emt 0:00:38] White threatens b7 and mate.} Re3+ 60. Kd4 {[%emt 0:00:35] Intending Rh3+ and mate.} Re1 61. b7 {[%emt 0:00:56] White mates.} Rxa7 62. Rh3+ Kg2 63. c8=Q Ra4+ 64. Kd5 Ra5+ 65. Kc4 Re4+ 66. Kb3 Rb5+ 67. Kc3 {[%emt 0:00:06] Weighted Error Value: White=0.25 (precise) /Black=0.60} 1-0

[Event "74th PGNiG TERMIKA POL-ch Women 2022"]
[Site "Kruszwica"]
[Date "2022.05.16"]
[Round "8.4"]
[White "Kulon, Klaudia"]
[Black "Malicka, Maria"]
[Result "0-1"]
[ECO "A34"]
[WhiteElo "2305"]
[BlackElo "2377"]
[Annotator "TA"]
[PlyCount "52"]
[EventDate "2022.05.09"]
[EventType "tourn"]
[EventCountry "POL"]
[SourceTitle "playchess.com"]
[Source "ChessBase"]
[SourceQuality "1"]
[TimeControl "40/5400+30:1800+30"]

1. Nf3 c5 2. c4 Nf6 3. Nc3 d5 4. cxd5 Nxd5 5. g3 Nc7 6. Bg2 Nc6 7. a3 g6 8. h4 {[%emt 0:00:16] A34: Symmetrical English: 2 Nc3, lines with ...d5.} h6 9. d3 Bg7 10. Be3 {[%emt 0:00:23] The position is equal.} Nd4 11. Na4 {[%emt 0:05:27] [#]} Nd5 $146 ({Predecessor:} 11... b6 12. Nxd4 cxd4 13. Bxa8 Nxa8 14. Bd2 b5 15. Rc1 Bb7 16. Qb3 Qd5 17. Qxd5 Bxd5 {1-0 (41) Pavlovic,M (2336)-Milanovic,D (2429) Dimitrovgrad 2003}) 12. Nxd4 $2 {[%emt 0:18:16] [#]} (12. Nxc5 $14 {stays ahead.} Nxe3 13. fxe3) 12... Nxe3 $17 ({Resist} 12... Bxd4 13. Bxd4 cxd4 14. Qc1 $14) ({Worse is} 12... cxd4 13. Bd2 $15) 13. fxe3 cxd4 14. Nc5 (14. exd4 $17 {was necessary.} Qxd4 15. Nc3) 14... O-O $19 15. Qc1 dxe3 16. Qxe3 (16. O-O $142) 16... Bxb2 17. Rb1 (17. Nb3 $142 Bxa1 18. Nxa1) 17... Bd4 {[%emt 0:02:33] This bishop pair is nice.} 18. Qxh6 Qa5+ 19. Rb4 Qxc5 20. Rc4 Qe5 21. Kd2 {[%emt 0:06:45] Prevents Be3+.} (21. Qf4 $142 Qa5+ 22. Kf1) 21... Be6 22. e3 Bxc4 23. exd4 Qxd4 24. Be4 Rad8 (24... Qf2+ $142 25. Kc3 Ba2 26. Bd5 Bxd5 27. Qf4 Rac8+ 28. Qc4 Qe3 29. Kb2 Rxc4 30. dxc4 Bxh1 31. g4 Rd8 32. h5 Rd2+ 33. Kc1 Qe1#) 25. Bxg6 fxg6 26. Qxg6+ Qg7 {[%emt 0:00:04] White did not feel at home in the position after the opening.  Weighted Error Value: White=1.91/Black=0.66} 0-1

[Event "74th PGNiG TERMIKA POL-ch Women 2022"]
[Site "Kruszwica"]
[Date "2022.05.16"]
[Round "8.5"]
[White "Kubicka, Anna"]
[Black "Socko, Monika"]
[Result "0-1"]
[ECO "C00"]
[WhiteElo "2245"]
[BlackElo "2384"]
[Annotator "TA"]
[PlyCount "96"]
[EventDate "2022.05.09"]
[EventType "tourn"]
[EventCountry "POL"]
[SourceTitle "playchess.com"]
[Source "ChessBase"]
[SourceQuality "1"]
[TimeControl "40/5400+30:1800+30"]

1. e4 e6 2. Qe2 c5 3. g3 Nc6 4. Bg2 e5 5. d3 g6 6. c3 {[%emt 0:01:00] C00: French: Unusual White 2nd moves.} Bg7 7. f4 d6 8. Nf3 {[%emt 0:00:13] The position is equal.} Nge7 9. O-O O-O 10. Na3 Rb8 11. fxe5 dxe5 (11... Nxe5 {with more complications.} 12. Nc2 Bg4 13. Ne3 Bh5) 12. Be3 b6 {[%emt 0:00:55] [#]} 13. Nc4 $146 ({Predecessor:} 13. Rad1 Ba6 14. Bh3 Bc8 15. Bg2 Ba6 16. Bh3 Bc8 17. Bg2 {½-½ (17) Ekenberg,B-Johansson,M Gothenburg 1964}) 13... h6 14. Rad1 Be6 (14... Bg4 {feels hotter.} 15. a3 a5 16. a4 Qd7) 15. b3 Qd7 16. Bc1 Rbd8 17. Ne3 Kh7 18. g4 b5 {[%emt 0:12:38] [#]} (18... Bxg4 $2 19. Nxg4 Qxg4 20. Ng5+ $1 Qxg5 21. Bxg5 hxg5 22. Qg4 $18) 19. Nf5 $1 f6 (19... gxf5 20. gxf5) 20. Nxg7 Kxg7 21. Qe3 g5 22. Qxc5 {[%emt 0:08:38] h3 is the strong threat.} Bxg4 23. Qxb5 Ng6 $1 24. Qd5 Qe8 ({Much less strong is} 24... Qxd5 25. exd5 Nce7 26. c4 $14) 25. Qc5 Rf7 (25... Qe6 $11) 26. h3 (26. Qf2 $1 $16) 26... Bh5 $11 27. b4 (27. Qf2 $11) 27... Rc8 $15 {[%emt 0:01:31][%cal Oc6d4][%mdl 1024] White must now prevent ...Nd4! Black has compensation.} 28. Qf2 {[%emt 0:04:31] Prevents Nd4.} Nd8 $1 29. Qb2 {[%emt 0:11:36] [#]} Ne6 $1 30. d4 Nef4 31. Bxf4 Nxf4 32. Rf2 (32. Rd2 $17 {keeps fighting.}) 32... Rfc7 ({Black should play} 32... Qe6 $19 33. d5 Qb6) 33. dxe5 $17 fxe5 34. c4 Bxf3 35. Rxf3 Rxc4 36. Rd2 {[%emt 0:00:19] Prevents Rc2.} Qe7 37. a3 Rxe4 38. Kh2 Re1 (38... Rd8 $19 {Hoping for ...Rxd2.} 39. Rxd8 Qxd8) 39. Rc3 $15 Rf8 {[%emt 0:08:57] Black is more active.} 40. Bc6 $2 {[%emt 0:00:00][%mdl 8192] Loses the game.} ({White should try} 40. Rc6 $15) 40... Qf6 $19 {[%emt 0:00:00] Strongly threatening ...Ng6.} 41. Qc2 (41. Rf2 {is tougher.} Qd6 42. Rd2) 41... e4 42. Bb7 Ne6 {[%emt 0:10:10] Inhibits Rc7+.} (42... Qe5 $142 {( -> ...Ne2+)} 43. Rg3 {[#]} Rd8 $3 44. Rxd8 Re2+ 45. Qxe2 Nxe2) 43. Rd7+ Kh8 {[%emt 0:00:46] Black mates.} 44. Bxe4 Qe5+ 45. Rg3 Rxe4 46. Qc3 Nd4 47. Qc7 Re2+ 48. Kg1 Re1+ {[%emt 0:00:06] Weighted Error Value: White=0.42/Black=0.21 (precise)} 0-1

[Event "74th PGNiG TERMIKA POL-ch Women 2022"]
[Site "Kruszwica"]
[Date "2022.05.17"]
[Round "9.1"]
[White "Cyfka, Karina"]
[Black "Kubicka, Anna"]
[Result "1/2-1/2"]
[ECO "E92"]
[WhiteElo "2404"]
[BlackElo "2245"]
[Annotator "TA"]
[PlyCount "94"]
[EventDate "2022.05.09"]
[EventType "tourn"]
[EventCountry "POL"]
[SourceTitle "playchess.com"]
[Source "ChessBase"]
[SourceQuality "1"]
[TimeControl "40/5400+30:1800+30"]

1. d4 Nf6 2. c4 g6 3. Nc3 Bg7 4. e4 d6 5. Nf3 O-O 6. Be2 e5 7. Be3 exd4 8. Nxd4 Re8 9. f3 c6 10. Bf2 d5 11. exd5 cxd5 12. O-O Nc6 13. c5 Nh5 14. Qd2 Be5 {[%emt 0:01:12] Threatens to win with ...Nf4.} 15. g3 {[%emt 0:09:04] Inhibits Nf4. E92: King's Indian: Classical: 6 Be2 e5: 7 dxe5, 7 Be3 and Petrosian System without 7...Nbd7.} Bh3 16. Rfe1 Ng7 17. Rad1 {[%emt 0:06:45] White is slightly better.} Ne6 {[%emt 0:16:37] [#]} 18. Nb3 $146 (18. Nxe6 $16 Bxc3 19. Qxc3 Rxe6 20. Bc4) ({Predecessor:} 18. Ndb5 a6 19. Nd6 Bxd6 20. cxd6 d4 21. Ne4 f5 22. d7 Re7 23. Ng5 Nxg5 24. Qxg5 Rxd7 {1-0 (71) Suvorov,A (2313)-Ezat,M (2401) Chess.com INT 2020}) 18... d4 $11 19. Nb5 Qf6 20. Qh6 (20. f4 $2 Nxf4 $1 21. Bf1 (21. gxf4 $2 Bxf4 22. Qxf4 Qxf4 $19) 21... Bxf1 22. Rxf1 Nh3+ 23. Kg2 Nxf2 24. Qxf2 Qxf2+ 25. Rxf2 Rad8 $17) 20... Bf5 {[%emt 0:03:17] And now ...Bc2 would win.} 21. f4 $1 Qg7 (21... d3 $1 $11 {remains equal.} 22. Bxd3 (22. fxe5 Nxe5 23. Bh5 Ng5 $17) 22... Bxd3 23. Rxd3 Bxb2) 22. Qxg7+ $16 Bxg7 {[%emt 0:00:03] [#]} 23. Rd2 {[%emt 0:04:09] Prevents Bc2.} ({Much weaker is} 23. N3xd4 $6 Nexd4 24. Nxd4 (24. Bxd4 Nxd4 25. Nxd4 Bxd4+ 26. Rxd4 Rac8 $11) 24... Nxd4 25. Bxd4 Bxd4+ 26. Rxd4 Rac8 $11) (23. Bxd4 $6 Bxd4+ 24. N3xd4 (24. N5xd4 Nexd4 25. Nxd4 Nxd4 $11) 24... Nexd4 25. Nxd4 Nxd4 26. Rxd4 Rac8 $11) (23. N5xd4 $6 Nexd4 24. Nxd4 (24. Bxd4 Nxd4 25. Nxd4 Bg4 $11) 24... Nxd4 25. Bxd4 Bxd4+ 26. Rxd4 Rac8 $11) (23. Nd6 $1 $16) 23... Bf8 $14 24. Rc1 ({But not} 24. N5xd4 Nexd4 25. Nxd4 Nxd4 26. Bxd4 Rad8 $11) 24... Rad8 25. Bf3 {[%emt 0:01:56] Hoping for g4.} h5 {[%emt 0:02:56] Prevents g4.} 26. Bxc6 bxc6 27. N5xd4 Nxd4 28. Nxd4 ({Better is} 28. Bxd4 $14 Re6 29. Kf2) 28... Be4 29. Be3 Bd5 {[%emt 0:00:37][%csl LRa2,LRe3] A strong pair of Bishops.} 30. Kf2 Rb8 31. b3 a5 32. Nf3 a4 33. bxa4 Rb4 34. Ne5 Bg7 35. Rd4 Rb2+ 36. Rd2 Rb4 37. Rd4 Rxd4 38. Bxd4 Ra8 39. Be3 Rxa4 40. Rc2 Kh7 {[%emt 0:00:00][%mdl 1024] Black has compensation.} 41. h4 Ra7 42. Rd2 Ra3 43. Rc2 Ra4 (43... Bxe5 $5 44. fxe5 Bxa2 $11) 44. Rd2 {[%emt 0:01:41] The position is equal.} Ra6 45. Rb2 Bxe5 46. fxe5 Rxa2 47. Rxa2 Bxa2 {[%emt 0:00:03] Weighted Error Value: White=0.11 (very precise) /Black=0.15 (very precise)} 1/2-1/2